 Dungeon Crawl Stone Soup version 0.22.1-1-ga44c0e5 (webtiles) character file.

188875 DrakeDragon the Impaler (level 16, -4/147 HPs)
             Began as a Demigod Skald on Oct 28, 2018.
             Shot with an arrow by a satyr (15 damage)
             ... on level 4 of the Shoals.
             The game lasted 03:28:58 (45914 turns).

DrakeDragon the Impaler (Demigod Skald)            Turns: 45914, Time: 03:28:59

Health: -4/147     AC: 24    Str: 20    XL:     16   Next: 94%
Magic:  27/27      EV: 15    Int: 22    God:
Gold:   1937       SH:  0    Dex: 18    Spells: 11/25 levels left

rFire    + + .     SeeInvis +   I - +7 glaive of Chaos {drain, +Blink rElec rN++ Str-2}
rCold    x . .     Gourm    .   (shield currently unavailable)
rNeg     + + +     Faith    .   Q - +4 fire dragon scales
rPois    .         Spirit   .   j - +2 helmet of the Lute {MR+ Str+3 Int-5}
rElec    +         Reflect  .   g - scarf {repulsion}
rCorr    .         Harm     .   m - +2 pair of gloves {Dex+3}
MR       +++..                  F - +1 pair of boots of Indecent Exposure {+Fly Str+3 Stlth+}
Stlth    +.........             b - amulet of regeneration
HPRegen  0.74/turn              Y - ring "Ewat" {rN+ MR+}
MPRegen  0.20/turn              X - ring of Zabb {*Drain Str+2 Slay+2 SInv}

@: hasted, repel missiles, very quick
A: high mp 1
}: 1/15 runes: gossamer
a: Evoke Blink, Evoke Flight


You were on level 4 of the Shoals.
You were not hungry.

You visited 6 branches of the dungeon, and saw 32 of its levels.
You also visited: Labyrinth, Trove, Sewer and Ossuary.

You collected 3182 gold pieces.
You spent 1245 gold pieces at shops.

Inventory:

Hand Weapons
 I - the +7 glaive of Chaos (weapon) {drain, +Blink rElec rN++ Str-2}
   (You acquired it on level 2 of the Spider Nest)

   A truly terrible weapon, it drains the life of those it strikes.
   It affects your strength (-2).
   It insulates you from electricity.
   It greatly protects you from negative energy.
   It lets you blink.
Missiles
 u - 6 throwing nets (quivered) {!f}
Armour
 g - a scarf of repulsion (worn)
   (You found it on level 11 of the Dungeon)
 j - the +2 helmet of the Lute (worn) {MR+ Str+3 Int-5}
   (You found it in a treasure trove)

   It affects your strength (+3).
   It affects your intelligence (-5).
   It affects your resistance to hostile enchantments.
 m - a +2 pair of gloves of dexterity (worn)
   (You bought it in a shop on level 2 of the Orcish Mines)
 F - the +1 pair of boots of Indecent Exposure (worn) {+Fly Str+3 Stlth+}
   (You found it in a treasure trove)

   It affects your strength (+3).
   It lets you fly.
   It makes you more stealthy.
 Q - +4 fire dragon scales (worn)
   (You took it off an orc on level 9 of the Dungeon)
Jewellery
 b - an amulet of regeneration (around neck)
   (You found it on level 1 of the Spider Nest)
 l - an uncursed ring of protection from magic
   (You found it on level 5 of the Dungeon)
 C - an uncursed ring of resist corrosion
   (You found it on level 3 of the Lair of Beasts)
 G - the ring "Teuzuhah" {rC+ rN+ Int+7}
   (You found it on level 6 of the Dungeon)

   [ring of protection from cold]

   It affects your intelligence (+7).
   It protects you from cold.
   It protects you from negative energy.
 R - the ring "Ixtoudgh" {rPois rF+ rC+}
   (You found it on level 5 of the Lair of Beasts)

   [ring of poison resistance]

   It protects you from fire.
   It protects you from cold.
   It protects you from poison.
 X - the ring of Zabb (right hand) {*Drain Str+2 Slay+2 SInv}
   (You found it in a labyrinth)

   [ring of strength]

   It affects your strength (+2).
   It affects your accuracy and damage with ranged weapons and melee attacks
   (+2).
   It lets you see invisible.
   It causes draining when unequipped.
 Y - the ring "Ewat" (left hand) {rN+ MR+}
   (You found it in a labyrinth)

   [ring of protection from magic]

   It protects you from negative energy.
   It affects your resistance to hostile enchantments.
Wands
 c - a wand of disintegration (2)
   (You took it off Maurice on level 8 of the Dungeon)
 t - a wand of flame (68)
   (You found it on level 3 of the Dungeon)
 x - a wand of acid (16)
   (You found it on level 3 of the Spider Nest)
 H - a wand of scattershot (3)
   (You took it off an orc priest on level 4 of the Dungeon)
 P - a wand of enslavement (66)
   (You found it on level 4 of the Lair of Beasts)
 S - a wand of polymorph (44)
   (You found it on level 1 of the Lair of Beasts)
Scrolls
 f - 2 scrolls of immolation {!r}
 k - 8 scrolls of fog
 n - 2 scrolls of vulnerability {!r}
 v - 8 scrolls of teleportation {@r4}
 w - 5 scrolls of fear
 y - 2 scrolls of blinking
 z - 8 scrolls of amnesia
 D - a scroll of holy word
 E - 4 scrolls of enchant weapon
 J - 17 scrolls of remove curse {@r2}
 M - 7 scrolls of magic mapping
 N - a scroll of torment {!r}
 Z - 2 scrolls of brand weapon {unknown}
Potions
 a - 2 potions of resistance
 h - 2 potions of cancellation
 i - a potion of berserk rage
 p - 4 potions of mutation {!q}
 q - 4 potions of magic
 s - 8 potions of curing {@q1}
 A - 6 potions of ambrosia
 B - 6 potions of haste {@q3}
 K - 2 potions of lignification {!q}
 L - 8 potions of flight
 O - 2 potions of brilliance
 U - 2 potions of agility
 V - 2 potions of might
Miscellaneous
 o - a phantom mirror
 T - a lamp of fire
   (You found it on level 1 of the Lair of Beasts)
Comestibles
 e - 43 rations {!d}


   Skills:
 + Level 14.4 Fighting
 * Level 19.3 Polearms
 + Level 8.3 Armour
 + Level 7.9 Dodging
 - Level 5.0 Spellcasting
 - Level 5.2 Hexes
 - Level 6.0 Charms
 - Level 5.2 Necromancy
 - Level 4.0 Translocations


You had 11 spell levels left.
You knew the following spells:

 Your Spells              Type           Power        Failure   Level  Hunger
a - Infusion              Chrm           ####         2%          1    None
b - Blink                 Tloc           N/A          9%          2    None
e - Regeneration          Chrm/Necr      ####......   9%          3    ##.....
q - Shroud of Golubria    Chrm/Tloc      ####......   6%          2    None
t - Spectral Weapon       Hex/Chrm       ####....     9%          3    ##.....
u - Animate Skeleton      Necr           N/A          3%          1    None
w - Song of Slaying       Chrm           ####....     3%          2    None

Your spell library contained the following spells:

 Spells                   Type           Power        Failure   Level  Hunger
 Corona                   Hex            ####...      3%          1    None
 Pain                     Necr           ####         3%          1    None
 Corpse Rot               Necr           N/A          5%          2    None
 Slow                     Hex            ####....     5%          2    None
 Vampiric Draining        Necr           ####......   11%         3    ##.....
 Portal Projectile        Hex/Tloc       ####..       14%         3    ##.....
 Ensorcelled Hibernation  Hex/Ice        ###...       16%         2    None
 Gell's Gravitas          Tloc           ###.......   17%         3    ##.....
 Lesser Beckoning         Tloc           ###.......   17%         3    ##.....
 Teleport Other           Tloc           ###.....     17%         3    ##.....
 Beastly Appendage        Tmut           #.....       30%         1    None
 Magic Dart               Conj           #...         30%         1    None
 Summon Small Mammal      Summ           #...         30%         1    None
 Dazzling Spray           Conj/Hex       ###...       30%         3    ##.....
 Inner Flame              Hex/Fire       ###.....     30%         3    ##.....
 Summon Guardian Golem    Hex/Summ       ###.....     30%         3    ##.....
 Animate Dead             Necr           N/A          34%         4    ####...
 Cause Fear               Hex            ####......   34%         4    ####...
 Call Imp                 Summ           #.......     41%         2    None
 Searing Ray              Conj           #.....       41%         2    None
 Sticks to Snakes         Tmut           #.......     41%         2    None
 Passage of Golubria      Tloc           N/A          50%         4    ####...
 Excruciating Wounds      Chrm/Necr      ####......   63%         5    #####..
 Call Canine Familiar     Summ           #.......     65%         3    ##.....
 Spider Form              Tmut/Pois      #.........   65%         3    ##.....
 Stone Arrow              Conj/Erth      #.....       65%         3    ##.....
 Fulminant Prism          Conj/Hex       ###.......   71%         4    ####...
 Leda's Liquefaction      Hex/Erth       ###.......   71%         4    ####...
 Force Lance              Conj/Tloc      ##......     78%         4    ####...
 Iskenderun's Battlesphe  Conj/Chrm      ###.....     94%         5    #####..
 Ice Form                 Ice/Tmut       #.......     96%         4    ####...
 Iskenderun's Mystic Bla  Conj           #.......     96%         4    ####...
 Summon Ice Beast         Ice/Summ       #.......     96%         4    ####...
 Summon Lightning Spire   Summ/Air       #.......     96%         4    ####...
 Borgnjor's Vile Clutch   Necr/Erth      ###.......   96%         5    #####..
 Silence                  Hex/Air        ###.......   96%         5    #####..
 Summon Mana Viper        Hex/Summ       ###.....     96%         5    #####..
 Yara's Violent Unravell  Hex/Tmut       ###.......   96%         5    #####..
 Summon Forest            Summ/Tloc      ##........   98%         5    #####..
 Darkness                 Hex            ####......   99%         6    #######
 Blade Hands              Tmut           #.........   100%        5    #####..
 Bolt of Magma            Conj/Fire/Erth #.........   100%        5    #####..
 Summon Demon             Summ           #.........   100%        5    #####..
 Venom Bolt               Conj/Pois      #.........   100%        5    #####..
 Deflect Missiles         Chrm/Air       ###.......   100%        6    #######
 Dispersal                Tloc           ###.......   100%        6    #######
 Hydra Form               Tmut           #.........   100%        6    #######
 Iron Shot                Conj/Erth      #.........   100%        6    #######
 Shadow Creatures         Summ           N/A          100%        6    #######
 Statue Form              Tmut/Erth      #........    100%        6    #######
 Orb of Destruction       Conj           #.........   100%        7    #######
 Spellforged Servitor     Conj/Summ      #.........   100%        7    #######
 Summon Hydra             Summ           #.........   100%        7    #######
 Controlled Blink         Tloc           N/A          100%        8    #######
 Discord                  Hex            ####......   100%        8    #######
 Disjunction              Tloc           ###.......   100%        8    #######
 Shatter                  Erth           #.........   100%        9    #######


Dungeon Overview and Level Annotations

Branches:
Dungeon (15/15)            Temple (1/1) D:5            Lair (6/6) D:9
 Shoals (4/4) Lair:2       Spider (4/4) Lair:2        Slime (0/5) Lair:5
    Orc (2/2) D:11            Elf (0/3) Orc:2        Vaults (0/5) D:13
 Depths (0/5) D:15

Shops:
D:8 (   Orc:2 :[[!

Annotations:
D:4 exclusion: downstairs
Lair:3 3 runed doors, Byroed's ghost, journeyman DrWr
Lair:5 1 runed door
Lair:6 1 runed door
Shoals:3 exclusion: downstairs
Spider:2 exclusion: Roxanne, Roxanne
Orc:1 2 runed doors, exclusion: orange crystal statue


Innate Abilities, Weirdness & Mutations

You have an increased reservoir of magic. (+10% MP)


Message History

The ball of steam misses you. The merfolk barely misses you.
You slash the merfolk!
The merfolk hits you but does no damage.
The water elemental hits you.
The water elemental engulfs you in water!
The water elemental hits the plant!
You chop the merfolk into pieces!!!
You kill the merfolk!
* * * LOW HITPOINT WARNING * * *
Your lungs strain for air!
The merfolk avatar chants its luring song.
The merfolk aquamancer barely misses you.
The manticore is engulfed in a cloud of scalding steam.
The manticore bites you!
* * * LOW HITPOINT WARNING * * *
The manticore claws you but does no damage.
The manticore misses you.
You slash the water elemental!
* * * LOW HITPOINT WARNING * * *
Your lungs strain for air!
The water elemental misses you. The merfolk barely misses you.
The water elemental hits the plant!
You barely miss the water elemental.
* * * LOW HITPOINT WARNING * * *
Your lungs strain for air!
Your surroundings suddenly seem different.
You break out of your daze!
A merfolk impaler comes into view. It is wielding a trident of pain.
The merfolk impaler shouts!
A faun comes into view. It is wielding a quarterstaff.
The faun shouts!
The merfolk siren shouts!
A harpy comes into view.
The harpy screeches!
The snapping turtle hisses angrily.
You hear a shout!
The harpy moves out of view.
Found a ring mail and a robe.
You slip free of the water engulfing you.
A satyr comes into view. It is wielding a spear.
You gasp with relief as air once again reaches your lungs.
The satyr shouts!
The faun unwields an uncursed quarterstaff.
The faun wields a hunting sling.
The faun shoots a stone.
The stone is repelled.
The stone hits the faun.
The faun barely misses you.
The snapping turtle bites the plant but does no damage.
A merfolk impaler comes into view. It is wielding a trident.
The merfolk impaler shouts!
You hear a shout! x3
The merfolk impaler hits you with a trident of pain!
* * * LOW HITPOINT WARNING * * *
The satyr unwields an uncursed spear.
The satyr wields an uncursed longbow.
The satyr shoots an arrow.
The arrow hits you!
You die...

.. [##PPP...t.PP..PP..≈≈≈≈
≈.P#.#P....cPP....#PP.≈≈≈≈
≈...........[.....#...≈≈≈≈
≈....H..............(.≈≈≈≈
......................≈≈≈≈
..............%.......≈≈≈≈
................!.....≈≈≈≈
........c..m...........≈≈≈
.........@.............≈≈≈
........m........≈≈.....≈≈
..............c..≈≈......≈
P................≈≈......≈
PPP....$(.<..#...≈..$..(.≈
P#..........!...≈....%..≈
##m.........≈..≈≈.....≈P
#.......≈≈≈≈≈≈≈≈≈≈≈≈PPP
P≈≈≈≈≈≈≈≈≈≈≈≈≈≈≈≈≈≈≈.##


You could see 2 merfolk impalers, a satyr, 2 fauns, a merfolk siren and a harpy.

Vanquished Creatures
  Arachne (Spider:3)
  Asterion (Spider:4)
  Kirke (D:14)
  4 ghost moths
  3 emperor scorpions (Spider:4)
  An entropy weaver (Spider:3)
  A dire elephant (D:15)
  A minotaur (Lab)
  A spark wasp (Spider:4)
  Snorg (Lair:6)
  A merfolk javelineer (Shoals:3)
  4 merfolk impalers
  5 hydras
  6 centaur warriors
  4 satyrs
  A merfolk aquamancer (Shoals:1)
  8 death scarabs (Spider:4)
  5 orc high priests (Orc:2)
  4 tengu warriors (D:14)
  A death yak (D:15)
  Sonja (Lair:2)
  5 sea snakes
  3 unseen horrors
  A wizard (D:9)
  2 spectral wolf spiders (Spider:4)
  A deep troll (D:13)
  A phantasmal warrior (D:13)
  5 orc knights
  3 wolf spider zombies (Spider:4)
  8 harpies
  2 deep elf magi
  2 lindwurms
  An oklob plant (Lair:6)
  21 wolf spiders
  14 orb spiders
  2 orc sorcerers
  2 manticores
  6 ugly things
  6 cyclopes
  19 fauns
  Maurice (D:8)
  6 moths of wrath (Spider:4)
  2 water nymphs (Shoals:2)
  6 black mambas (Lair:6)
  5 merfolk sirens
  A guardian serpent (Lair:6)
  15 spiny frogs
  7 torpor snails
  3 rime drakes
  2 efreet
  14 demonic crawlers
  3 spectral redbacks (Spider:4)
  5 komodo dragons
  A redback zombie (Spider:4)
  5 trolls
  28 jumping spiders
  6 wind drakes
  A hornet (shapeshifter) (D:13)
  A polar bear (Lair:3)
  4 tyrant leeches (Lair:6)
  16 merfolk
  6 slime creatures
  2 jumping spider zombies (Spider:4)
  9 dream sheep
  19 hornets
  12 blink frogs
  4 spectral jumping spiders (Spider:4)
  2 tarantella zombies (Spider:4)
  10 hippogriffs
  3 spectral tarantellas (Spider:4)
  7 snapping turtles
  Sigmund (D:6)
  3 shadows
  69 redbacks
  27 tarantellas
  4 water elementals
  30 yaks
  4 hogs
  A hog (shapeshifter) (D:13)
  A human (D:8)
  12 wyverns
  4 basilisks
  3 hungry ghosts
  9 vampire mosquitoes
  2 wargs (Orc:2)
  Edmund (D:5)
  A soldier ant (D:13)
  Duvessa (D:7)
  17 water moccasins
  9 porcupines
  A phantom (D:6)
  A hornet zombie (Spider:4)
  2 sky beasts
  2 black bears
  30 orc warriors
  4 necrophages
  6 ice beasts
  6 ogres
  4 boggarts (D:15)
  11 wolves
  9 centaurs
  6 crocodiles
  5 big kobolds
  11 bullfrogs
  Dowan (D:7)
  A hornet simulacrum (D:15)
  A scorpion (D:10)
  14 wights
  6 killer bees (D:9)
  An electric eel (Spider:3)
  2 howler monkeys
  7 crimson imps
  9 centaur zombies
  A bullfrog zombie (D:10)
  3 bullfrog skeletons
  A jelly (D:10)
  4 hounds
  36 orc priests
  7 iguanas
  18 orc wizards
  4 centaur skeletons
  Ijyb (D:5)
  Terence (D:3)
  11 worker ants
  A big kobold zombie (Ossuary)
  A hound zombie (D:9)
  2 hound skeletons (D:7)
  5 mummies
  A worker ant zombie (D:6)
  Robin (D:2)
  3 gnolls (D:7)
  5 river rats (Sewer)
  16 adders
  6 shadow imps
  3 white imps (D:15)
  An ufetubus (D:15)
  2 oozes (Sewer)
  3 adder skeletons
  2 worms (D:2)
  2 dart slugs
  11 leopard geckos
  90 orcs
  17 ball pythons
  13 giant cockroaches
  12 hobgoblins
  16 jackals
  40 kobolds
  5 quokkas
  A ball python skeleton (D:4)
  6 bats
  9 frilled lizards
  14 goblins
  6 hobgoblin zombies
  A jackal zombie (D:6)
  A kobold zombie (D:4)
  A leopard gecko skeleton (D:5)
  A leopard gecko zombie (D:5)
  A quokka skeleton (D:7)
  31 rats
  A fungus (Lair:6)
  A plant (Lair:6)
1123 creatures vanquished.

Vanquished Creatures (collateral kills)
  A hydra (D:14)
  A centaur zombie (D:15)
  A jumping spider (Spider:4)
3 creatures vanquished.

Vanquished Creatures (others)
  3 humans (D:14)
  An acid dragon (D:14)
  7 fungi
  33 plants
  51 spectral weapons
95 creatures vanquished.

Grand Total: 1221 creatures vanquished

Notes
Turn   | Place    | Note
-------+----------+-------------------------------------------
     0 | D:1      | DrakeDragon the Demigod Skald began the quest for the Orb.
     0 | D:1      | Reached XP level 1. HP: 17/17 MP: 5/5
    21 | D:1      | Reached skill level 2 in Polearms
   291 | D:1      | Reached XP level 2. HP: 24/24 MP: 2/7
   295 | D:1      | Learned a level 2 spell: Shroud of Golubria
  1342 | D:2      | Reached XP level 3. HP: 29/29 MP: 3/8
  1348 | D:2      | Learned a level 3 spell: Spectral Weapon
  1607 | D:2      | Noticed Robin
  1646 | D:2      | Killed Robin
  1784 | D:2      | Reached XP level 4. HP: 36/36 MP: 4/10
  2351 | D:3      | Reached skill level 3 in Polearms
  2351 | D:3      | Reached skill level 1 in Hexes
  2845 | D:3      | Found a glowing drain.
  2868 | Sewer    | Entered a sewer
  3263 | Sewer    | Reached XP level 5. HP: 42/42 MP: 7/11
  3492 | Sewer    | Learned a level 3 spell: Regeneration
  4073 | Sewer    | Reached XP level 6. HP: 27/51 MP: 2/13
  4074 | Sewer    | Reached skill level 4 in Polearms
  4633 | D:3      | Noticed Terence
  4643 | D:3      | Killed Terence
  5412 | D:4      | Found a sand-covered staircase.
  5429 | Ossuary  | Entered an ossuary
  5753 | Ossuary  | Learned a level 2 spell: Song of Slaying
  5941 | Ossuary  | Reached XP level 7. HP: 48/57 MP: 0/14
  6501 | D:4      | Reached skill level 5 in Polearms
  6774 | D:4      | Got an iridescent hand axe
  6940 | D:5      | Entered Level 5 of the Dungeon
  7001 | D:5      | Noticed Ijyb
  7108 | D:5      | Noticed Edmund
  7316 | D:5      | Killed Edmund
  7330 | D:5      | Killed Ijyb
  7560 | D:5      | Reached XP level 8. HP: 62/66 MP: 10/17
  7621 | D:5      | Found a white marble altar of Elyvilon.
  8032 | D:5      | Found a staircase to the Ecumenical Temple.
  8040 | Temple   | Entered the Ecumenical Temple
  8168 | D:5      | Reached skill level 6 in Polearms
  9006 | D:6      | Reached skill level 5 in Charms
  9134 | D:6      | Noticed Sigmund
  9535 | D:6      | Identified the +10 hand axe "Wucoompo" {antimagic, rC+
                  | Int+6} (You found it on level 4 of the Dungeon)
  9683 | D:7      | Noticed Duvessa
  9683 | D:7      | Noticed Dowan
 10088 | D:6      | Got a shimmering brass ring
 10264 | D:6      | Killed Sigmund
 10264 | D:6      | Reached skill level 1 in Necromancy
 10264 | D:6      | Reached skill level 1 in Translocations
 10358 | D:6      | Identified the ring "Teuzuhah" {rC+ rN+ Int+7} (You found
                  | it on level 6 of the Dungeon)
 10636 | D:7      | Killed Duvessa
 10636 | D:7      | Reached XP level 9. HP: 60/73 MP: 10/19
 10643 | D:7      | Killed Dowan
 10923 | D:7      | Reached skill level 7 in Polearms
 11098 | D:7      | Reached skill level 5 in Fighting
 12019 | D:8      | Reached skill level 5 in Spellcasting
 12193 | D:8      | Reached skill level 8 in Polearms
 12224 | D:8      | Found Xerhu's Antique Weapon Emporium.
 12232 | D:8      | Bought a steaming halberd for 198 gold pieces
 12232 | D:8      | Identified the +2 halberd of the Owl {freeze, Str+2 Dex+2}
                  | (You bought it in a shop on level 8 of the Dungeon)
 12403 | D:8      | Noticed Maurice
 12416 | D:8      | Killed Maurice
 12416 | D:8      | Reached XP level 10. HP: 72/83 MP: 13/21
 12738 | D:9      | Found an iron altar of Okawaru.
 12772 | D:9      | Reached skill level 9 in Polearms
 13228 | D:9      | Found a staircase to the Lair.
 13348 | Lair:1   | Entered Level 1 of the Lair of Beasts
 13374 | Lair:1   | Reached skill level 10 in Polearms
 13399 | Lair:1   | Reached skill level 1 in Armour
 14224 | Lair:4   | HP: 3/86 [blink frog (15)]
 14760 | Lair:4   | Reached XP level 11. HP: 93/93 MP: 16/22
 14957 | Lair:4   | Reached skill level 11 in Polearms
 15276 | Lair:4   | Noticed a catoblepas
 15795 | Lair:6   | Entered Level 6 of the Lair of Beasts
 16091 | D:9      | Found a shadowy altar of Dithmenos.
 16106 | D:9      | Noticed a wizard
 16125 | D:9      | Killed a wizard
 16722 | D:10     | Entered Level 10 of the Dungeon
 17151 | D:10     | Found a bloodstained altar of Trog.
 17716 | D:10     | Killed an unseen horror
 17742 | D:10     | You fall through a shaft!
 18247 | D:11     | Noticed a five-headed hydra
 18249 | D:11     | Killed a five-headed hydra
 18249 | D:11     | Reached skill level 5 in Dodging
 18314 | D:11     | Found a staircase to the Orcish Mines.
 18345 | D:11     | Got a twisted war axe
 18346 | D:11     | Identified the cursed +1 war axe of Defence by Offence
                  | {freeze, +Rage Dex+2} (You found it on level 11 of the
                  | Dungeon)
 18831 | D:11     | Identified a scroll of acquirement
 18883 | D:11     | Found a portal to a secret trove of treasure.
 19122 | Lair:1   | Noticed a five-headed hydra
 19151 | D:9      | Killed a six-headed hydra
 19151 | D:9      | Reached skill level 12 in Polearms
 19281 | Lair:1   | Reached skill level 5 in Armour
 19501 | Lair:1   | Reached XP level 12. HP: 103/103 MP: 19/23
 20132 | Lair:2   | Noticed Sonja
 20137 | Lair:2   | Killed Sonja
 20416 | Lair:2   | Found a hole to the Spider Nest.
 20511 | Lair:2   | Found a staircase to the Shoals.
 21053 | Lair:3   | You fall through a shaft!
 21244 | Lair:3   | Found a runed gate.
 21244 | Lair:3   | Found a runed gate.
 21244 | Lair:3   | Found a runed gate.
 21245 | Lair:3   | Noticed Byroed's ghost (journeyman DrWr)
 21245 | Lair:3   | Noticed an 11-headed hydra
 21845 | Lair:5   | Reached skill level 13 in Polearms
 22322 | Lair:5   | Noticed a five-headed hydra
 22334 | Lair:5   | Killed a five-headed hydra
 22398 | Lair:5   | Found a runed door.
 22408 | Lair:5   | Found a viscous altar of Jiyva.
 22408 | Lair:5   | Noticed an acid blob
 22409 | Lair:5   | Found a staircase to the Slime Pits.
 22409 | Lair:5   | Noticed an acid blob
 22409 | Lair:5   | Noticed an acid blob
 22813 | Lair:5   | Got a heavily runed brass ring
 22814 | Lair:5   | Identified the ring "Ixtoudgh" {rPois rF+ rC+} (You found
                  | it on level 5 of the Lair of Beasts)
 23139 | Lair:6   | Reached skill level 10 in Fighting
 23423 | Lair:6   | Noticed Snorg
 23434 | Lair:6   | Killed Snorg
 23502 | Lair:6   | Found a runed door.
 23504 | Lair:6   | Reached XP level 13. HP: 114/114 MP: 24/24
 23527 | Lair:6   | Reached skill level 14 in Polearms
 23821 | Lair:6   | Paralysed by a hornet for 2 turns
 24892 | Lair:6   | Reached skill level 15 in Polearms
 25687 | D:12     | Found a labyrinth entrance.
 25692 | Lab      | Entered a labyrinth
 26405 | Lab      | Noticed a minotaur
 26416 | Lab      | Killed a minotaur
 26531 | Lab      | Identified Sif Muna's Disquisition on Companions and
                  | Augmentations
 26532 | Lab      | Got a ripped robe
 26535 | Lab      | Got a faintly glowing glass ring
 26535 | Lab      | Got a crude platinum ring
 27388 | Orc:1    | Entered Level 1 of the Orcish Mines
 27794 | Orc:1    | Found the +10 large shield of Ignorance {rN+ Int-4}
 27797 | Orc:1    | Found a runed door.
 27883 | Orc:1    | Found a runed door.
 27996 | Orc:2    | Entered Level 2 of the Orcish Mines
 28685 | Orc:2    | Found a staircase to the Elven Halls.
 29128 | Orc:2    | Reached XP level 14. HP: 95/125 MP: 25/25
 29240 | Orc:2    | Reached skill level 16 in Polearms
 29615 | Orc:2    | Found Seug Oty's Antique Armour Shoppe.
 29618 | Orc:2    | Found Moeshe Vups's Antique Armour Emporium.
 29619 | Orc:2    | Found Wyuhif's Book Shoppe.
 29620 | Orc:2    | Found Obood's Distillery.
 29631 | Orc:2    | Bought a book of Necromancy for 360 gold pieces
 29634 | Orc:2    | Bought a potion of haste for 130 gold pieces
 29634 | Orc:2    | Bought a potion of resistance for 130 gold pieces
 29634 | Orc:2    | Bought a potion of haste for 130 gold pieces
 29634 | Orc:2    | Bought a potion of heal wounds for 65 gold pieces
 29852 | D:13     | Learned a level 1 spell: Animate Skeleton
 29933 | D:13     | Identified the ring "Ewat" {rN+ MR+} (You found it in a
                  | labyrinth)
 29935 | D:13     | Identified the ring of Zabb {*Drain Str+2 Slay+2 SInv} (You
                  | found it in a labyrinth)
 31335 | D:11     | You paid a toll of 2 scrolls of acquirement to enter a
                  | treasure trove
 31336 | Trove    | Entered a treasure trove
 31382 | Trove    | Got a transparent helmet
 31393 | Trove    | Identified the +2 helmet of the Lute {MR+ Str+3 Int-5} (You
                  | found it in a treasure trove)
 31435 | Trove    | Got a pair of smoking boots
 31446 | Trove    | Identified the +1 pair of boots of Indecent Exposure {+Fly
                  | Str+3 Stlth+} (You found it in a treasure trove)
 31449 | Trove    | Got a pair of faintly humming gloves
 31460 | Trove    | Identified the +2 pair of gloves of Gravity {*Corrode rF++
                  | Str+4 Int+2} (You found it in a treasure trove)
 31745 | D:13     | Found a gate to the Vaults.
 32937 | D:14     | Noticed Kirke
 32944 | D:14     | Noticed a sphinx
 32949 | D:14     | Killed Kirke
 33149 | D:14     | Got a transparent chain mail
 33150 | D:14     | Identified the cursed +1 chain mail of the Hart {+Inv
                  | Regen+ Dex-5 SInv} (You found it on level 14 of the
                  | Dungeon)
 33512 | D:15     | Entered Level 15 of the Dungeon
 33867 | D:15     | Reached skill level 17 in Polearms
 34399 | D:15     | Found a staircase to the Depths.
 34749 | D:15     | Found a sacrificial altar of Ru.
 35392 | Spider:1 | Entered Level 1 of the Spider Nest
 36026 | Orc:2    | Bought a pair of runed gloves for 232 gold pieces
 36635 | Spider:1 | Reached XP level 15. HP: 101/135 MP: 26/26
 36975 | Spider:1 | Learned a level 2 spell: Blink
 37161 | Spider:1 | HP: 1/136 [disintegration (39)]
 37170 | Spider:1 | HP: 6/136 [disintegration (24)]
 37600 | Spider:1 | Reached skill level 5 in Necromancy
 37841 | Spider:1 | HP: 6/136 [wolf spider (2)]
 38278 | Spider:2 | Noticed Roxanne
 38390 | Spider:2 | Got a polished glaive
 38391 | Spider:2 | Identified the +7 glaive of Chaos {drain, +Blink rElec rN++
                  | Str-2} (You acquired it on level 2 of the Spider Nest)
 39304 | Spider:3 | Noticed Arachne
 39312 | Spider:3 | Killed Arachne
 39312 | Spider:3 | Reached skill level 18 in Polearms
 39858 | Spider:4 | Entered Level 4 of the Spider Nest
 41099 | Spider:4 | Noticed Asterion
 41111 | Spider:4 | Killed Asterion
 41508 | Spider:4 | Reached XP level 16. HP: 145/145 MP: 24/27
 42894 | Spider:4 | Reached skill level 5 in Hexes
 42948 | Spider:4 | Got a gossamer rune of Zot
 43137 | Shoals:1 | Entered Level 1 of the Shoals
 44092 | Shoals:2 | Reached skill level 19 in Polearms
 45003 | Shoals:3 | Got a crude robe
 45424 | Shoals:4 | Entered Level 4 of the Shoals
 45914 | Shoals:4 | Shot with an arrow by a satyr

Skill      XL: |  1  2  3  4  5  6  7  8  9 10 11 12 13 14 15 16 |
---------------+-------------------------------------------------+-----
Polearms       | 2 3 4 5 6 8 10 12 13 15 17 18 19 | 19.3
Fighting       | 2 3 4 6 7 8 10 11 13 14 | 14.4
Spellcasting   | 2 3 4 5 |  5.0
Charms         | 3 4 5 6 |  6.0
Hexes          | 1 2 3 4 5 |  5.2
Necromancy     | 1 2 4 5 |  5.2
Translocations | 1 2 4 |  4.0
Armour         | 2 5 6 8 |  8.3
Dodging        | 3 5 6 7 |  7.9

Action                   |  1- 3 |  4- 6 |  7- 9 | 10-12 | 13-15 | 16-18 || total
-------------------------+-------+-------+-------+-------+-------+-------++-------
Melee: Spear             |   147 |   364 |   478 |       |       |       ||   989
       Halberd           |       |       |    92 |   521 |   532 |       ||  1145
       Trident           |       |       |       |     7 |       |       ||     7
       Glaive            |       |       |       |       |   680 |   394 ||  1074
       Bardiche          |       |       |       |       |   176 |       ||   176
 Fire: Hunting sling     |     3 |     1 |       |       |       |       ||     4
 Cast: Infusion          |    15 |    31 |    22 |    16 |     2 |       ||    86
       Spectral Weapon   |       |    16 |    64 |    91 |   166 |    59 ||   396
       Shroud of Golubri |       |     4 |    28 |    45 |    37 |    17 ||   131
       Song of Slaying   |       |       |     1 |     2 |     8 |       ||    11
       Regeneration      |       |       |       |     1 |       |       ||     1
       Animate Skeleton  |       |       |       |       |     9 |     1 ||    10
Evoke: Wand              |       |     4 |       |    15 |    16 |     6 ||    41
  Use: Scroll            |     2 |     8 |     9 |    10 |    12 |     6 ||    47
       Potion            |       |       |     2 |     8 |    20 |     7 ||    37
 Stab: Sleeping          |     1 |     1 |       |       |       |       ||     2
       Distracted        |       |     1 |     1 |     6 |     9 |     8 ||    25
  Eat: Chunk             |     3 |    15 |    16 |    14 |    33 |    15 ||    96
       Ration            |       |       |     3 |     6 |     9 |     1 ||    19
Armor: Leather armour    |    34 |   127 |       |       |       |       ||   161
       Ring mail         |       |    19 |   135 |    50 |       |       ||   204
       Fire dragon scale |       |       |       |   134 |   764 |   243 ||  1141
Dodge: Dodged            |    60 |   213 |   173 |   251 |   836 |   319 ||  1852
       Deflected         |       |       |       |     2 |    37 |    52 ||    91
